 Dungeon Crawl Stone Soup version 0.32-a0-872-g59262bdc9b (webtiles) character file.

Game seed: 9309370534714476084

102 GloriousHammer the Trooper (level 4, 0/48 HPs)
             Began as an Oni Warper on Mar 30, 2024.
             Slain by a hobgoblin (2 damage)
             ... led by Robin
             ... on level 1 of the Dungeon.
             The game lasted 00:02:52 (2239 turns).

GloriousHammer the Trooper (Oni Warper)             Turns: 2239, Time: 00:02:53

Health: 0/48       AC:  3    Str: 15    XL:     4   Next: 78%
Magic:  9/9        EV:  8    Int: 16    God:
Gold:   77         SH:  0    Dex:  8    Spells: 9/9 levels left

rFire   . . .        a - +0 mace
rCold   . . .        (no shield)
rNeg    . . .        b - +0 robe
rPois   .            (helmet restricted)
rElec   .            (no cloak)
rCorr   .            (gloves unavailable)
SInv    .            (boots unavailable)
Will    .....        (no amulet)
Stlth   +            (no ring)
HPRegen 0.28/turn    (no ring)
MPRegen 0.11/turn

%: no passive effects
@: no status effects
A: large, unfitting armour, horns 1, tough skin 1, double potion healing,
drunken brawling
a: no special abilities


You were on level 1 of the Dungeon.
You visited 1 branch of the dungeon, and saw 2 of its levels.

You collected 77 gold pieces.

Inventory:

Hand Weapons
 a - a +0 mace (weapon)
Missiles
 d - 7 darts of dispersal (quivered)
 l - 3 boomerangs
Armour
 b - a +0 robe (worn)
Jewellery
 e - an amulet of guardian spirit
Scrolls
 c - a scroll of blinking
 f - 2 scrolls of torment {unknown}
 h - 4 scrolls of enchant weapon {unknown}
 j - 2 scrolls of identify {unknown}
 k - a scroll of amnesia {unknown}
Potions
 g - a potion of magic {unknown}
 i - a potion of curing {unknown}


   Skills:
 + Level 3.9 Fighting
 + Level 2.9 Maces & Flails
 - Level 1.0 Throwing
 - Level 2.1 Dodging
 + Level 3.4 Spellcasting
 + Level 3.3 Translocations


You had 9 spell levels left.
You didn't know any spells.
Your spell library contained the following spells:

 Spells                   Type           Power      Damage    Failure   Level
 Blink                    Tloc           26%        N/A       7%          2
 Lesser Beckoning         Tloc           26%        N/A       7%          2
 Teleport Other           Tloc           13%        N/A       14%         3
 Maxwell's Portable Pile  Tloc           13%        2d(7-13)  41%         4
 Vhi's Electric Charge    Tloc/Air       16%        N/A       65%         4


Dungeon Overview and Level Annotations

Branches:
Dungeon (2/15)

Altars:

Annotations:
D:2 Robin


Innate Abilities, Weirdness & Mutations

You are too large for most types of armour.
You have a pair of small horns on your head.
You have tough skin. (AC +1)
You gain doubled healing and magic from potions.
Whenever you drink a healing potion, you attack all around you.


Message History

You hit the orc.
The orc is almost dead.
The orc hits you with a +0 club.
You hit the orc.
You kill the orc!
You see here a +0 club.
The orc hits you with a +0 club.
You hit the orc.
The orc is moderately wounded.
The orc closely misses you.
You barely miss the orc.
The orc is moderately wounded.
The orc barely misses you.
You hit the orc.
You kill the orc!
You see here a +0 club.
There is an open door here.
There is an open door here.
A hobgoblin and 3 goblins come into view.
The goblin shouts!
You hear a shout! x5
There are monsters nearby!
There are monsters nearby!
A hobgoblin comes into view.
Robin shouts!
The hobgoblin shouts!
Robin roars a battlecry!
The goblins go into a battle-frenzy!
A goblin comes into view. It is wielding a +0 club.
The goblin barely misses you.
You see here 3 stones.
You thump the goblin!
You kill the goblin!
A goblin comes into view. It is wielding a +0 dagger.
You barely miss the goblin. The goblin hits you with a +0 club.
A goblin comes into view. It is wielding a +0 dagger.
The goblin throws a stone.
The stone barely misses you. The goblin misses you.
The goblin throws a stone.
The stone closely misses you.
You hit the goblin but do no damage. Your headbutt misses the goblin.
The goblin throws a stone.
The stone barely misses you. The goblin hits you with a +0 club.
You hit the goblin. Your headbutt misses the goblin.
The goblin is severely wounded.
The goblin hits you with a +0 club. The goblin hits you with a +0 dagger.
The goblin attacks as it pursues you! The goblin barely misses you.
The goblin attacks as it pursues you! The goblin hits you with a +0 club.
You barely miss the goblin.
The goblin is moderately wounded.
You hit the hobgoblin but do no damage. The goblin hits you with a +0 club.
The hobgoblin hits you but does no damage.
The goblin completely misses you. The hobgoblin closely misses you.
The goblin hits you with a +0 club.
You hit the goblin.
You kill the goblin!
The hobgoblin hits you but does no damage.
You barely miss the goblin.
The hobgoblin no longer looks unusually strong.
The hobgoblin barely misses you. The goblin hits you but does no damage.
You hit the goblin.
You kill the goblin!
The hobgoblin barely misses you. The goblin hits you but does no damage.
You hit the goblin but do no damage. You headbutt the goblin.
The goblin is heavily wounded.
The goblin no longer looks unusually strong.
The hobgoblin barely misses you.
A goblin comes into view. It is wielding a +0 club.
The goblin hits you with a +0 club.
You completely miss the goblin.
The goblin is heavily wounded.
The hobgoblin closely misses you. The goblin hits you with a +0 club.
Robin roars a battlecry!
The goblins go into a battle-frenzy!
The hobgoblin hits you.
You hit the goblin.
You kill the goblin!
Robin throws the goblin at you! The hobgoblin hits you.
The goblin hits you with a +0 dagger.
* * * LOW HITPOINT WARNING * * *
Robin throws the goblin at you! The goblin hits you with a +0 dagger.
* * * LOW HITPOINT WARNING * * *
The goblin barely misses you.
The hobgoblin attacks as it pursues you!
The hobgoblin hits you but does no damage.
You see here a +0 club.
There is an escape hatch in the ceiling here.
The hobgoblin hits you.
* * * LOW HITPOINT WARNING * * *
A mysterious force pulls you upwards. The hatch slams shut behind you.
You hit the hobgoblin.
The hobgoblin is moderately wounded.
The hobgoblin hits you.
* * * LOW HITPOINT WARNING * * *
You barely miss the hobgoblin.
You headbutt the hobgoblin, but do no damage.
The hobgoblin is moderately wounded.
The hobgoblin hits you but does no damage.
The hobgoblin hits you.
* * * LOW HITPOINT WARNING * * *
You hit the hobgoblin but do no damage.
The hobgoblin is moderately wounded.
The hobgoblin hits you.
You die...

### ###### ### ###
######.#########@##.#####.###.#
...............g.....รท........#
######.#########..#.#####.###.#
...# #.#########..........# #.#
##.# #.##.................###.#
##[# #.##.....................#
##.###.##.######...#.###.####.#
.................(.#.###.####.#
.....................>........#


You could see a hobgoblin (strong).

Vanquished Creatures
  Jessica (D:2)
  3 adders (D:2)
  A dart slug (D:2)
  A ribbon worm (D:2)
  4 orcs (D:2)
  3 ball pythons
  2 endoplasms (D:2)
  2 giant cockroaches
  2 hobgoblins
  2 quokkas (D:1)
  3 bats
  2 frilled lizards
  9 goblins
  5 kobolds
  2 rats
42 creatures vanquished.

Notes
Turn   | Place    | Note
-------+----------+-------------------------------------------
     0 | D:1      | GloriousHammer the Oni Warper began the quest for the Orb.
     0 | D:1      | Reached XP level 1. HP: 22/22 MP: 3/3
   151 | D:1      | Reached XP level 2. HP: 15/31 MP: 5/5
  1085 | D:2      | Reached XP level 3. HP: 28/37 MP: 7/7
  1262 | D:2      | Noticed Jessica
  1274 | D:2      | Killed Jessica
  1275 | D:2      | Reached XP level 4. HP: 16/45 MP: 8/8
  1690 | D:2      | Noticed Robin
  2058 | D:2      | Found a faded altar of an unknown god.
  2238 | D:1      | HP: 2/48 [hobgoblin[Robin] (2)]
  2239 | D:1      | Slain by a hobgoblin

Illustrated notes

Levels and vault maps discovered:
D:1:      lightli_iron_boxes, layout_basic, serial_rivers,
          chequers_serial_rivers_large_a, chequers_serial_rivers_micro_e,
          chequers_serial_rivers_large_b, chequers_serial_rivers_marsh,
          chequers_serial_rivers_small_b
D:2:      layout_basic, hellmonk_ecumenical_altar_crossroads, amethyst_killhole,
          chequers_serial_rivers_room_b, kennysheep_decorative_pillar,
          serial_bayou_lagoon_a, uniq_jessica, uniq_robin

Skill      XL: |  1  2  3 |
---------------+----------+-----
Fighting       | 3 |  3.9
Translocations | 3 |  3.3
Spellcasting   | 3 |  3.4
Maces & Flails | |  2.9
Throwing       | |  1.0
Dodging        | |  2.1

Action                     |  1- 3 |  4- 6 || total
---------------------------+-------+-------++-------
  Melee: Mace              |    77 |    63 ||   140
         Headbutt          |     4 |    10 ||    14
    Use: Potion            |     1 |       ||     1
 Armour: Robe              |    70 |    67 ||   137
  Dodge: Dodged            |    42 |    38 ||    80

Table legend: (Time is in decaauts)
 A = Elapsed time spent in this place.
 B = Non-inter-level travel time spent in this place.
 C = Inter-level travel time spent in this place.
 D = Time resting spent in this place.
 E = Time spent auto-exploring this place.
 F = Levels seen in this place.
 G = Mean time per level.
                   A        B        C        D        E       F      G
               +--------+--------+--------+--------+--------+-----+--------+
         Total |   2277 |   2233 |     44 |    380 |   1373 |   2 | 1138.5 |
       Dungeon |   2277 |   2233 |     44 |    380 |   1373 |   2 | 1138.5 |
               +--------+--------+--------+--------+--------+-----+--------+

Top non-repeatable levels by time:
     D:2: 1189 daAuts
     D:1: 1087 daAuts
